 Dungeon Crawl Stone Soup version 0.30-a0-719-gcc4359ea44 (webtiles) character file.

Game seed: 16716142430240308978

1087 browni3141 the Poker (level 8, -1/58 HPs)
             Began as a Mummy Cinder Acolyte on Jan 26, 2023.
             Was a Priest of Ignis.
             Killed from afar by a steam dragon (10 damage)
             ... with a ball of steam
             ... on level 6 of the Dungeon.
             The game lasted 00:12:02 (5773 turns).

browni3141 the Poker (Mummy Cinder Acolyte)         Turns: 5773, Time: 00:12:03

Health: -1/58      AC: 10    Str: 25    XL:     8   Next: 9%
Magic:  3/11       EV: 10    Int: 19    God:    Ignis [***...]
Gold:   388        SH:  9    Dex:  8    Spells: 6/11 levels left

rFire   . . .      SeeInvis .    a - -1 spear (flame)
rCold   + . .      Faith    +    j - +0 buckler
rNeg    + + +      Spirit   .    m - +0 robe
rPois   ∞          Reflect  +    (no helmet)
rElec   .          Harm     .    (no cloak)
rCorr   .          Rampage  .    (no gloves)
Will    +....                    e - +0 pair of boots
Stlth   +                        l - amulet of reflection
HPRegen 0.29/turn                h - +6 ring of intelligence
MPRegen 0.12/turn                i - +6 ring of strength

@: fiery-armoured, very slightly contaminated
A: cold resistance 1, negative energy resistance 3, torment resistance 2, heat
vulnerability 1, in touch with death 1, no potions, faith
a: Renounce Religion, Fiery Armour, Foxfire Swarm, Rising Flame


You were on level 6 of the Dungeon.
You worshipped Ignis.
Ignis was most pleased with you.
You visited 1 branch of the dungeon, and saw 6 of its levels.

You collected 388 gold pieces.

Inventory:

Hand Weapons
 a - a -1 spear of flaming (weapon)
 b - a +0 antimagic sling
 g - a +0 spear
Armour
 c - a +0 scale mail
 d - a +0 ring mail
 e - a +0 pair of boots (worn)
 j - a +0 buckler (worn)
 m - a +0 robe (worn)
 v - a +0 leather armour
Jewellery
 h - a +6 ring of intelligence (left hand)
 i - a +6 ring of strength (right hand)
 l - an amulet of reflection (around neck)
Wands
 t - a wand of mindburst (9)
Scrolls
 f - a scroll of summoning
 k - a scroll of magic mapping
 n - a scroll of enchant armour
 o - a scroll of amnesia
 p - a scroll of torment
 q - 2 scrolls of teleportation
 r - 2 scrolls of blinking
 s - a scroll of noise {unknown}
 u - a scroll of enchant weapon {unknown}


   Skills:
 - Level 3.0 Fighting
 - Level 4.3 Polearms
 * Level 3.4 Armour
 - Level 1.0 Stealth
 * Level 2.8 Shields
 - Level 2.0 Spellcasting
 * Level 2.5 Conjurations
 - Level 2.4 Fire Magic
 - Level 2.0 Air Magic
 - Level 2.0 Poison Magic
 * Level 1.7 Evocations


You had 6 spell levels left.
You knew the following spells:

 Your Spells              Type           Power      Damage    Failure   Level
a - Scorch                Fire           22%        2d6       13%         2
b - Mephitic Cloud        Conj/Pois/Air  10%        N/A       26%         3

Your spell library contained the following spells:

 Spells                   Type           Power      Damage    Failure   Level
 Magic Dart               Conj           44%        1d5       8%          1
 Freeze                   Ice            4%         1d3       22%         1
 Call Imp                 Summ           1%         N/A       32%         2
 Lesser Beckoning         Tloc           2%         N/A       32%         2
 Hailstorm                Conj/Ice       6%         3d4       36%         3
 Frozen Ramparts          Ice            2%         1d1       54%         3
 Gell's Gravitas          Tloc           1%         N/A       54%         3
 Teleport Other           Tloc           1%         N/A       54%         3


Dungeon Overview and Level Annotations

Branches:
Dungeon (6/15)             Temple (0/1) D:4

Altars:
Makhleb
Okawaru
Qazlal
Uskayaw

Annotations:
D:2 1 runed translucent door, Crazy Yiuf


Innate Abilities, Weirdness & Mutations

You are immune to poison.
Your flesh is cold resistant. (rC+)
You are immune to negative energy. (rN+++)
You are immune to unholy pain and torment.
You are vulnerable to heat. (rF-)
You are in touch with the powers of death.
You do not drink.
You have a special connection with the divine. (Faith)


Message History

The stinking cloud engulfs the steam dragon but does no damage.
The iguana is engulfed in noxious fumes.
The iguana appears confused.
The iguana barely misses you.
You barely miss the iguana.
The iguana is engulfed in noxious fumes.
The iguana appears confused.
You barely miss the iguana.
The iguana is engulfed in noxious fumes.
The iguana appears confused.
The iguana barely misses you.
Sigmund mumbles some strange words.
Sigmund flickers and vanishes!
Deactivating autopickup; reactivate with Ctrl-A.
You hit the iguana. You burn the iguana.
The iguana is heavily wounded.
The iguana is engulfed in noxious fumes.
The iguana appears confused.
The iguana closely misses the steam dragon.
You barely miss the iguana.
The iguana is heavily wounded.
Something hits you!
* * * LOW HITPOINT WARNING * * *
The iguana is engulfed in noxious fumes.
The iguana appears confused.
The iguana bites something!
Reactivating autopickup.
You feel a bit more experienced.
You have reached level 8!
You hit the iguana. You burn the iguana.
The iguana is severely wounded.
The iguana bites you.
* * * LOW HITPOINT WARNING * * *
The iguana is burned by your cloak of flames.
You kill the iguana!
Unknown command.
Aiming: Mindburst
Press: ? - help, Shift-Dir - straight line, f - steam dragon
Aim: a steam dragon (chance to affect: 72%)
The steam dragon's mind is blasted!
The steam dragon breathes steam at you. The ball of steam hits you!
You die...

#..#.....##[.........##
#..##..#.............#
#. ##..#..#.........# .
#......##.....>.# .
...##.#.###.##.###
..... #.#..#..# .#
..... #..#....##.#
..... ##....#.#..# ..?
....#.....#@#
###....#.§#§##
##...#..)D.#
#..............
#.#.##...##.### ....
..... ... .#..D..._...
... ... .#.....#. .##
####.##...##[..#


You could see a steam dragon (catching breath).

Vanquished Creatures
  Sigmund (D:6)
  2 ogres (D:5)
  A centaur (D:6)
  A phantom (D:4)
  A scorpion (D:5)
  A howler monkey (D:5)
  A jelly (D:5)
  3 orc priests
  4 iguanas
  2 orc wizards
  5 gnolls
  11 adders
  An ufetubus (D:5)
  A worm (D:4)
  2 dart slugs
  12 orcs
  8 endoplasms
  3 giant cockroaches
  5 goblins
  7 hobgoblins
  4 kobolds
  3 quokkas
  6 ball pythons
  3 bats
  2 rats
90 creatures vanquished.

Vanquished Creatures (others)
  11 foxfires (D:3)
11 creatures vanquished.

Grand Total: 101 creatures vanquished

Notes
Turn   | Place    | Note
-------+----------+-------------------------------------------
     0 | D:1      | browni3141 the Mummy Cinder Acolyte began the quest for the
                  | Orb.
     0 | D:1      | Reached XP level 1. HP: 18/18 MP: 2/2
   430 | D:1      | Found a faded altar of an unknown god.
   442 | D:1      | Reached skill level 1 in Stealth
   680 | D:1      | Reached XP level 2. HP: 15/24 MP: 4/4
   992 | D:1      | Reached skill level 3 in Polearms
  1085 | D:2      | Learned a level 2 spell: Scorch
  1111 | D:2      | Gained mutation: You are in touch with the powers of death.
                  | [Mummy growth]
  1111 | D:2      | Reached XP level 3. HP: 29/29 MP: 5/5
  1548 | D:2      | Reached XP level 4. HP: 21/35 MP: 0/6
  1553 | D:2      | Reached skill level 4 in Polearms
  1910 | D:2      | Found a runed translucent door.
  1911 | D:2      | Noticed Crazy Yiuf
  2238 | D:2      | Learned a level 3 spell: Mephitic Cloud
  2394 | D:3      | Reached XP level 5. HP: 13/41 MP: 7/7
  2901 | D:3      | Reached skill level 1 in Conjurations
  2901 | D:3      | Reached skill level 1 in Air Magic
  3064 | D:3      | You fall into a shaft and drop 1 floor!
  3094 | D:4      | Reached skill level 1 in Poison Magic
  3201 | D:4      | Found a stormy altar of Qazlal.
  3357 | D:4      | Reached skill level 1 in Shields
  3367 | D:4      | Reached XP level 6. HP: 15/47 MP: 9/9
  4291 | D:4      | Found a staircase to the Ecumenical Temple.
  4414 | D:5      | Entered Level 5 of the Dungeon
  4610 | D:5      | Reached skill level 1 in Armour
  4610 | D:5      | Reached XP level 7. HP: 52/52 MP: 5/10
  4670 | D:5      | Found a burning altar of Makhleb.
  5009 | D:5      | Found a hide-covered altar of Uskayaw.
  5693 | D:6      | Reached skill level 1 in Evocations
  5754 | D:6      | Noticed Sigmund
  5756 | D:6      | Found an iron altar of Okawaru.
  5756 | D:6      | Noticed a steam dragon
  5771 | D:6      | Killed Sigmund
  5772 | D:6      | Reached XP level 8. HP: 14/58 MP: 3/11
  5773 | D:6      | Killed from afar by a steam dragon

Illustrated notes

Levels and vault maps discovered:
D:1:      dpeg_arrival_circle_labyrinth_a, layout_basic,
          ebering_ecumenical_altar_box
D:2:      layout_loops_ring, uniq_crazy_yiuf_cottage
D:3:      layout_basic
D:4:      layout_cave_pods, mainiacjoe_overflow_tiny_flanked,
          minmay_temple_entry_proselytizer, minmay_quantized
D:5:      layout_cave_pods, bloody_makhleb, mainiacjoe_overflow_six_doors_small,
          hangedman_decor_clover_reticule
D:6:      layout_rooms, okawaru_gym_becter, mainiacjoe_overflow_alcove_1,
          lightli_corner_chamber, uniq_eustachio, uniq_sigmund

Skill      XL: |  1  2  3  4  5  6  7 |
---------------+----------------------+-----
Stealth        | 1 |  1.0
Polearms       | 3 4 |  4.3
Spellcasting   | 2 |  2.0
Conjurations   | 1 2 |  2.5
Air Magic      | 1 2 |  2.0
Poison Magic   | 1 2 |  2.0
Shields        | 1 2 |  2.8
Armour         | 1 3 |  3.4
Evocations     | 1 |  1.7
Fighting       | |  3.0
Fire Magic     | |  2.4

Action                     |  1- 3 |  4- 6 |  7- 9 || total
---------------------------+-------+-------+-------++-------
  Melee: Spear             |    89 |   314 |    98 ||   501
         Punch             |       |     1 |       ||     1
   Fire: Sling             |       |     3 |     6 ||     9
  Throw: Stone             |    21 |       |       ||    21
         Throwing net      |       |     2 |     1 ||     3
   Cast: Mephitic Cloud    |       |       |     3 ||     3
 Invoke: Fiery Armour      |     2 |     2 |     1 ||     5
         Foxfire Swarm     |       |     1 |       ||     1
  Evoke: Wand              |       |       |     1 ||     1
    Use: Scroll            |     1 |     7 |     1 ||     9
   Stab: Held in net/web   |       |       |     2 ||     2
         Confused          |       |       |     1 ||     1
 Armour: Ring mail         |    13 |       |       ||    13
         Scale mail        |    18 |    73 |    11 ||   102
         Robe              |       |       |     6 ||     6
  Dodge: Dodged            |    35 |    81 |    20 ||   136
  Block: Buckler           |       |    68 |    26 ||    94
         Reflection        |       |     1 |     1 ||     2

Table legend: (Time is in decaauts)
 A = Elapsed time spent in this place.
 B = Non-inter-level travel time spent in this place.
 C = Inter-level travel time spent in this place.
 D = Time resting spent in this place.
 E = Time spent auto-exploring this place.
 F = Levels seen in this place.
 G = Mean time per level.
                   A        B        C        D        E       F      G
               +--------+--------+--------+--------+--------+-----+--------+
         Total |   5740 |   5377 |    363 |    219 |   3857 |   6 |  956.7 |
       Dungeon |   5740 |   5377 |    363 |    219 |   3857 |   6 |  956.7 |
               +--------+--------+--------+--------+--------+-----+--------+

Top non-repeatable levels by time:
     D:4: 1367 daAuts
     D:1: 1237 daAuts
     D:2: 1084 daAuts
     D:5: 1007 daAuts
     D:3: 789 daAuts
     D:6: 254 daAuts
